 Dungeon Sprint DCSS version 0.19-a0-1341-g3513869 (webtiles) character file.

77 Kidiri the Skirmisher (level 4, -5/45 HPs)
             Began as a Naga Fighter on Sept 1, 2016.
             Was an Initiate of Cheibriados.
             Slain by a hill giant
             ... wielding a +0 giant spiked club
              (20 damage)
             ... in the Dungeon (Sprint IX: "|||||||||||||||||||||||||||||").
             The game lasted 00:03:04 (395 turns).

Kidiri the Skirmisher (Naga Fighter)                 Turns: 395, Time: 00:03:05

Health: -5/45      AC: 12    Str: 24    XL:     4   Next: 34%
Magic:  4/4        EV:  7    Int: 12    God:    Cheibriados [......]
Gold:   0          SH: 10    Dex: 11    Spells: 0 memorised, 3 levels left

rFire  . . .     SeeInvis +     q - +2 morningstar (protect)
rCold  . . .     Gourm    .     r - +1 scale mail
rNeg   . . .     Faith    .     c - +0 shield
rPois  +         Spirit   .     a - +0 helmet
rElec  .         Dismiss  .     (no cloak)
rCorr  .         Reflect  .     (no gloves)
MR     .....     Harm     .     (no barding)
Stlth  .......... NoTele   +    (no amulet)
                                s - +3 ring of strength
                                l - +3 ring of intelligence

@: very slow
A: see invisible, deformed body, poison resistance, slowness 2, slow metabolism
1, spit poison 2, AC +1
a: Spit Poison, Bend Time, Renounce Religion


You were in the Dungeon.
You worshipped Cheibriados.
Cheibriados was noncommittal.
You were not hungry.

You visited 1 branch

Inventory:

Hand Weapons
 q - a +2 morningstar of protection (weapon)
Armour
 a - a +0 helmet (worn)
 c - a +0 shield (worn)
 r - a +1 scale mail (worn)
Jewellery
 l - a +3 ring of intelligence (left hand)
 s - a +3 ring of strength (right hand)
Wands
 p - a wand of iceblast (7/15)
Scrolls
 k - 2 scrolls of blinking
 n - 3 scrolls of remove curse
 o - 2 scrolls of amnesia
Potions
 d - a potion of might
 e - 5 potions of curing
 g - a potion of invisibility
 i - 4 potions of magic
Comestibles
 f - a bread ration


   Skills:
 * Level 4.6 Fighting
 * Level 4.0 Maces & Flails
 + Level 1.6 Throwing
 * Level 3.9 Armour
 + Level 1.8 Dodging
 * Level 3.9 Shields
 + Level 0.0 Invocations


You had 3 spell levels left.
You didn't know any spells.

Dungeon Overview and Level Annotations

Branches:
Dungeon (1/1)

Altars:
Cheibriados
Dithmenos
Elyvilon
Fedhas
Gozag
Hepliaklqana
Kikubaaqudgha
Makhleb
Nemelex Xobeh
Okawaru
Qazlal
Ru
Sif Muna
Trog
Uskayaw
Vehumet
Xom
Yredelemnul
Zin
The Shining One
Beogh
Jiyva
Lugonu


Innate Abilities, Weirdness & Mutations

You cannot wear boots.
Your serpentine skin is tough. (AC +1)
You have supernaturally acute eyesight. (SInv)
Armour fits poorly on your strangely shaped body.
Your system is resistant to poisons. (rPois)
You cover ground very slowly.
You have a slow metabolism.
You can spit poison.


Message History

You block the hill giant's attack.
You hit the hill giant but do no damage.
The hill giant is moderately wounded.
Your shield and scale mail prevent you from hitting the hill giant.
The hill giant is moderately wounded.
The hill giant hits you with a giant spiked club!
You thump the hill giant!
The hill giant is heavily wounded.
The hill giant hits you but does no damage.
You feel much better.
The hill giant hits you with a giant spiked club!!
Ouch! That really hurt!
You feel much better.
The hill giant hits you with a giant spiked club!!
Ouch! That really hurt!
Okay, then.
You puncture the hill giant!
The hill giant is severely wounded.
The hill giant hits you with a giant spiked club!!
You die... ▓▓▓▓▓▓▓▓▓▓▓▓▓▓▓▓▓▓▓▓▓▓▓▓ .ZYlTaC@...[)|..'.______ ▓▓▓▓▓▓▓▓▓▓▓▓▓▓▓▓▓▓▓▓▓▓▓▓

You could see a hill giant, a troll, a sky beast, a worker ant, a giant gecko and a jackal skeleton.

Vanquished Creatures
  A jelly (D)
  A worker ant (D)
  A gnoll (D)
  An adder zombie (D)
  A dart slug (D)
  A giant gecko (D)
  2 goblins (D)
  2 bats (D)
10 creatures vanquished.

Notes
Turn   | Place    | Note
-------+----------+-------------------------------------------
     0 | D        | Kidiri the Naga Fighter began the quest for the Orb.
     0 | D        | Reached XP level 1. HP: 21/21 MP: 1/1
   113 | D        | Reached XP level 2. HP: 25/28 MP: 2/2
   144 | D        | Reached skill level 1 in Throwing
   144 | D        | Reached skill level 1 in Dodging
   144 | D        | Reached XP level 3. HP: 30/36 MP: 3/3
   159 | D        | Reached XP level 4. HP: 19/45 MP: 4/4
   178 | D        | Found a roughly hewn altar of Beogh.
   178 | D        | Found a snail-covered altar of Cheibriados.
   178 | D        | Found a shadowy altar of Dithmenos.
   178 | D        | Found a white marble altar of Elyvilon.
   178 | D        | Found a blossoming altar of Fedhas.
   178 | D        | Found an opulent altar of Gozag.
   179 | D        | Found a hazy altar of Hepliaklqana.
   180 | D        | Found a viscous altar of Jiyva.
   181 | D        | Found an ancient bone altar of Kikubaaqudgha.
   182 | D        | Found a corrupted altar of Lugonu.
   184 | D        | Became a worshipper of Cheibriados the Contemplative
   321 | D        | Found a burning altar of Makhleb.
   322 | D        | Found a sparkling altar of Nemelex Xobeh.
   323 | D        | Found an iron altar of Okawaru.
   324 | D        | Found a stormy altar of Qazlal.
   325 | D        | Found a sacrificial altar of Ru.
   326 | D        | Found a deep blue altar of Sif Muna.
   327 | D        | Found a bloodstained altar of Trog.
   328 | D        | Found a hide-covered altar of Uskayaw.
   329 | D        | Found a radiant altar of Vehumet.
   330 | D        | Found a shimmering altar of Xom.
   331 | D        | Found a basalt altar of Yredelemnul.
   332 | D        | Found a glowing silver altar of Zin.
   333 | D        | Found a glowing golden altar of the Shining One.
   383 | D        | Noticed a sky beast
   383 | D        | Noticed a troll
   383 | D        | Noticed a hill giant
   395 | D        | Slain by a hill giant

Vault maps used:
D:        linesprint

Skill      XL: |  1  2  3  4 |
---------------+-------------+-----
Shields        | 3 |  3.9
Fighting       | 4 |  4.6
Maces & Flails | 3 4 |  4.0
Throwing       | 1 |  1.6
Armour         | 3 |  3.9
Dodging        | 1 |  1.8

Action                   |  1- 3 |  4- 6 || total
-------------------------+-------+-------++-------
Melee: Flail             |    31 |     7 ||    38
       Morningstar       |       |    10 ||    10
 Abil: Spit Poison       |     1 |       ||     1
  Use: Potion            |       |     3 ||     3
Armor: Scale mail        |     8 |     1 ||     9
Dodge: Dodged            |     5 |     5 ||    10
Block: Shield            |    19 |     3 ||    22
